Cogmind - Beta 16 @@@ ROGUE MODE // 2025.11.08 @ 02:38:51 Player: daxter767676 Result: Destroyed by Executioner with Helical Railgun Performance ------------- Evolutions (5) 2500 Regions Visited (9) 1800 Robots Destroyed (43) 215 Value Destroyed (1818) 1818 Prototype IDs (21) 420 Alien Tech Used (0) 0 Bonus (2618) 2618 TOTAL SCORE: 9371 Bonus ------- Follower Combat Kills 811 Registered with UFD 300 Met Optimus in HQ 500 Met Warlord at Base 500 MAIN.C Attacked Warlord 500 Warlord Defense Kills 134 Friendly Fire -127 Cogmind --------- Core Integrity 0/1000 Matter 295/300 Energy 90/100 System Corruption 0% Temperature Cool (0) Movement Walking (120) Location -5/Warlord Parts ------- > --- POWER (2) -------- (None) > --- PROPULSION (4) --- Flexi-carbon Leg > --- UTILITY (8) ------ Advanced Heat Sink Advanced Terrain Scan Processor Improved Targeting Computer Improved Melee Analysis Suite Advanced Melee Analysis Suite > --- WEAPON (3) ------- Vortex Rail Companion Sword > --- INVENTORY (5) ---- Scrapoid Pod Vortex Shotgun Vortex Shotgun Improved Grenade Launcher Peak State ------------ > --- POWER ------------ Backup Power III Antimatter Reactor > --- PROPULSION ------- Flexi-carbon Leg Makeshift Hover Unit > --- UTILITY ---------- Advanced Heat Sink Advanced Heat Sink Advanced Sensor Array Advanced Terrain Scan Processor Improved Targeting Computer Improved Melee Analysis Suite Advanced Melee Analysis Suite Advanced Melee Analysis Suite > --- WEAPON ----------- Vortex Rail Vortex Rail Companion Sword > --- INVENTORY -------- Scrapoid Pod Vortex Shotgun Vortex Shotgun Improved Grenade Launcher [Rating: 82] Favorites ----------- Power Angular Momentum Engine Engine Angular Momentum Engine Power Core Light Nuclear Core Reactor Antimatter Reactor Propulsion Aluminum Leg Treads Light Treads Leg Aluminum Leg Wheel Subdweller Monowheel Hover Unit Antigrav System Utility Medium Storage Unit Device Improved Cooling System Storage Medium Storage Unit Processor Advanced Melee Analysis Suite Hackware Improved Hacking Suite Protection Enhanced Scrap Shield Weapon Companion Sword Energy Gun Vortex Rail Energy Cannon Heavy Ion Cannon Ballistic Gun Flak Gun Ballistic Cannon Magnetic Acceleration Cannon Launcher Improved Grenade Launcher Slashing Weapon Companion Sword Build | -11 -10 -10 -8 -6 -6 -5 -5 -5 -5 ------- Run | Yrd Mat Sub Scr Fac Ext Fac Upp Upp War Slots Evolved 10 | . . . . 8 . 2 . . . Power 1 | . . . . 1 . . . . . Propulsion 2 | . . . . 2 . . . . . Utility 6 | . . . . 4 . 2 . . . Weapon 1 | . . . . 1 . . . . . Parts Attached 66 | . 6 8 8 7 13 1 5 14 4 Power 10 | . 1 3 1 . 3 . . 1 1 Engine 5 | . 1 2 1 . 1 . . . . Core 4 | . . 1 . . 2 . . 1 . Reactor 1 | . . . . . . . . . 1 Propulsion 19 | . 2 1 3 2 3 . 3 5 . Treads 1 | . . . . . . . 1 . . Leg 9 | . 2 . 2 . 1 . 1 3 . Wheel 7 | . . 1 1 2 2 . . 1 . Hover 2 | . . . . . . . 1 1 . Flight . | . . . . . . . . . . Utility 22 | . 2 1 1 4 4 1 2 6 1 Device 10 | . 1 1 . 1 2 . . 4 1 Storage 2 | . 1 . . . 1 . . . . Processor 6 | . . . . 2 . 1 1 2 . Hackware 1 | . . . 1 . . . . . . Protection 3 | . . . . 1 1 . 1 . . Artifact . | . . . . . . . . . . Weapon 15 | . 1 3 3 1 3 . . 2 2 Energy Gun 4 | . . . . . . . . 2 2 Energy Cannon 1 | . . . 1 . . . . . . Ballistic Gun 6 | . 1 2 1 . 2 . . . . Ballistic Cannon 1 | . . . . . 1 . . . . Launcher 2 | . . 1 1 . . . . . . Special Weapon . | . . . . . . . . . . Impact Weapon . | . . . . . . . . . . Slashing Weapon 1 | . . . . 1 . . . . . Piercing Weapon . | . . . . . . . . . . Special Melee Weapon . | . . . . . . . . . . Unidentified Prototypes 3 | . . . . 1 . . 1 . 1 Parts Lost 48 | . . 7 . 1 18 . . 15 7 Power 10 | . . 2 . . 4 . . 2 2 Propulsion 15 | . . 1 . . 6 . . 7 1 Utility 14 | . . 2 . 1 4 . . 4 3 Weapon 9 | . . 2 . . 4 . . 2 1 Highest Loss Streak 17 | . . 4 . 1 17 . . 8 7 To Critical Strikes 1 | . . . . . . . . 1 . Average Backups 6 | . 8 9 8 7 7 3 3 3 3 Power . | . 1 1 1 1 1 . . . . Propulsion 1 | . 4 5 2 . . . . . . Utility 1 | . 1 1 1 1 1 1 1 1 . Weapon 1 | . 1 1 1 2 2 1 1 1 2 Tool/Special . | . . . . . . . . . . Unused Backups 17 | . 5 1 7 . . . . . 4 Power 2 | . 1 . 1 . . . . . . Propulsion 5 | . 1 . 4 . . . . . . Utility 3 | . 1 . 1 . . . . . 1 Weapon 6 | . 2 1 1 . . . . . 2 Tool/Special 1 | . . . . . . . . . 1 Average Slot Usage (%) 83 | . 98 89 87 83 79 62 81 74 81 Engine 8 | . 14 9 13 6 5 5 5 2 3 Core 1 | . . 4 . 6 4 . . 1 . Leg 10 | . 28 20 14 6 6 . 1 3 5 Wheel 8 | . . 7 13 14 12 5 5 5 . Hover 1 | . . . . . . . 4 4 4 Device 5 | . 12 5 . 5 6 11 5 7 15 Storage 8 | . 14 14 14 6 5 5 5 1 . Processor 10 | . . . . 10 11 9 16 22 29 Protection 2 | . . . . 1 5 5 10 3 . Energy Gun 2 | . 14 1 . . . . . 3 8 Energy Cannon 4 | . . . 10 4 4 . . . . Ballistic Gun 5 | . 14 21 3 1 . 5 5 1 . Ballistic Cannon 1 | . . . . 4 5 5 5 3 . Launcher 5 | . . 3 14 . . . . . . Slashing Weapon 2 | . . . . 5 6 5 5 5 5 Peak Build Rating 82 | . 8 11 33 57 58 41 64 64 82 Average Rating 37 | . 7 9 18 53 49 40 61 53 72 On Entrance 31 | 6 6 8 10 33 55 37 41 64 52 Avg Prop Armor Cover (%) 4 | . . 4 4 5 5 . 5 5 4 Naked Turns . | . . . . . . . . . . Heaviest Build 53 | 10 16 23 37 53 53 34 48 47 43 Greatest Support 40 | 20 20 20 23 40 40 10 10 30 20 Greatest Overweight (x) 6 | . . 1 4 6 6 3 4 4 2 Average Overweight (x) 2 | . . . 2 2 1 3 3 1 1 Largest Inventory Capacity 10 | . 10 10 10 10 10 5 5 5 5 Average Capacity 7 | . 9 10 10 10 9 5 5 5 5 Most Carried 10 | . 10 10 10 10 10 5 5 5 5 Average Carried 7 | . 8 9 9 9 9 5 5 5 4 Final Capacity 10 | 8 10 10 10 10 5 5 5 5 5 Final Carried 10 | 6 10 10 10 10 5 5 5 5 5 Scrap Suit Usage (%) 7 | . . . . 99 81 . . . . Parts Cannibalized 5 | . . . . 1 4 . . . . Class Distribution -------------------- 51% | Mutant 31% | Scavenger-Mutant 10% | Commander-Mutant 5% | Derelict-Mutant Dominant Class ---------------- Mutant | -10/Materials Mutant | -10/Subcaves Mutant | -8/Scraptown Mutant | -6/Factory Commander-Mutant | -6/Extension Scavenger-Mutant | -5/Factory Scavenger-Mutant | -5/Upper Caves Scavenger-Mutant | -5/Upper Caves Commander-Mutant | -5/Warlord Resources | -11 -10 -10 -8 -6 -6 -5 -5 -5 -5 ----------- Run | Yrd Mat Sub Scr Fac Ext Fac Upp Upp War Matter Collected 1137 | 200 71 177 119 130 116 . 71 253 . Remotely . | . . . . . . . . . . Salvage Created 2219 | . 220 228 . 218 410 . 174 939 30 Parts 94 | . 12 13 . 10 17 . 7 35 . Haulers Intercepted . | . . . . . . . . . . Recyclers Shooed 1 | . 1 . . . . . . . . Parts Field Recycled . | . . . . . . . . . . Retrieved Matter . | . . . . . . . . . . Parts Self-Destructed 58 | . . 5 . . . . 26 27 . Prevented . | . . . . . . . . . . Parts Restored . | . . . . . . . . . . Kills | -11 -10 -10 -8 -6 -6 -5 -5 -5 -5 ------- Run | Yrd Mat Sub Scr Fac Ext Fac Upp Upp War Combat Hostiles Destroyed 38 | . 5 5 . 1 6 . 2 18 1 Melee 20 | . . . . 1 4 . 1 14 . Guns 12 | . 5 5 . . . . . 1 1 Cannons 6 | . . . . . 2 . 1 3 . Classes Destroyed 9 | . 4 2 . . 2 . 1 . . Recycler 2 | . 1 . . 1 . . . . . Watcher 2 | . 1 . . . 1 . . . . Swarmer 7 | . 3 . . . . . . 4 . Grunt 19 | . 2 2 . . 1 . 1 12 1 Sentry 6 | . . 1 . 1 3 . . 1 . Hunter 2 | . . . . . 1 . . 1 . Behemoth 1 | . . . . . 1 . . . . Subdweller 2 | . . 2 . . . . . . . Thug 1 | . . . . . . . 1 . . Savage 1 | . . . . . . . 1 . . Best Kill Streak 5 | . 5 1 . 1 2 . 1 4 1 Combat Bots Only 4 | . 4 1 . 1 1 . 1 4 1 Max Kills in Single Turn 2 | . 1 1 . 1 1 . 2 1 1 Gunslinging . | . . . . . . . . . . Exploded . | . . . . . . . . . . Melee 1 | . . . . 1 1 . 1 1 . Uniques/NPCs Destroyed . | . . . . . . . . . . Combat | -11 -10 -10 -8 -6 -6 -5 -5 -5 -5 -------- Run | Yrd Mat Sub Scr Fac Ext Fac Upp Upp War Hostile Shots Fired 753 | . 38 55 . 27 394 . 9 151 79 Missed 242 | . 13 12 . 7 135 . 4 39 32 Hits 511 | . 25 43 . 20 259 . 5 112 47 Projectile 511 | . 25 43 . 20 259 . 5 112 47 AOE 1 | . . . . . . . . . 1 Critical Strikes 13 | . 2 1 . . 2 . 1 5 2 Damage Taken 7031 | . 260 759 . 154 2726 . 118 2078 936 Core 1936 | . 52 180 . 23 651 . 25 641 364 Absorbed by Shields 713 | . . . . . 444 . . . 269 Ignored by Resistances 74 | . . . . . . . 9 65 . Regen/Repaired (Parts) 67 | . . . . 6 38 . . . 23 Core Remaining (%) 42 | 100 . . 7 . 20 . . . . Volleys Fired 92 | . 28 44 . . 2 . 1 13 4 Largest 2 | . 2 2 . . 2 . 2 2 2 Hottest 120 | . 60 60 . . 120 . 72 119 90 Shots Fired 165 | . 56 69 . . 4 . 2 26 8 Gun 138 | . 56 60 . . . . 1 13 8 Cannon 18 | . . . . . 4 . 1 13 . Launcher 9 | . . 9 . . . . . . . Special . | . . . . . . . . . . Kinetic 102 | . 28 51 . . 2 . 2 19 . Thermal 46 | . 28 9 . . 2 . . 7 . Explosive 9 | . . 9 . . . . . . . Electromagnetic . | . . . . . . . . . . Entropic 8 | . . . . . . . . . 8 Robot Hit Streak 13 | . 6 12 . . 3 . 1 13 2 Robot Miss Streak 6 | . 4 5 . . 1 . 2 6 3 Penetration Max 1 | . . . . . . . . . 1 Secondary Targets . | . . . . . . . . . . Shots Hit Robots 180 | . 29 44 . 6 25 . 6 67 3 Core Hits 85 | . 13 16 . 3 12 . 4 33 4 Critical Kills . | . . . . . . . . . . Critical Parts Destroyed 1 | . . . . . . . . . 1 Critical Strikes 6 | . . 1 . . 2 . . 2 1 Destroy 1 | . . 1 . . . . . . . Detonate 1 | . . . . . . . . . 1 Melee Attacks 95 | . . . . 6 30 . 7 52 . Impact . | . . . . . . . . . . Slashing 95 | . . . . 6 30 . 7 52 . Piercing . | . . . . . . . . . . Sneak Attacks 2 | . . . . 1 1 . . . . Combat Hostiles . | . . . . . . . . . . Follow-up Attacks 3 | . . . . . 1 . . 2 . Damage Inflicted 5512 | . 276 507 . 249 944 . 243 2529 764 Guns 1286 | . 276 462 . . . . 28 174 346 Cannons 393 | . . . . . 83 . 35 275 . Explosions 463 | . . 45 . . . . . . 418 Melee 3370 | . . . . 249 861 . 180 2080 . Ramming . | . . . . . . . . . . Kinetic 961 | . 89 367 . . 57 . 63 385 . Thermal 790 | . 187 95 . . 26 . . 64 418 Explosive 45 | . . 45 . . . . . . . Electromagnetic . | . . . . . . . . . . Impact . | . . . . . . . . . . Slashing 3370 | . . . . 249 861 . 180 2080 . Piercing . | . . . . . . . . . . Entropic 346 | . . . . . . . . . 346 Highest Corruption . | . . . . . . . . . . Average Corruption . | . . . . . . . . . . Corruption Purged . | . . . . . . . . . . Corruption Blocked . | . . . . . . . . . . Overload Shots . | . . . . . . . . . . Overflow Damage 133 | . . . . . 15 . 7 70 41 Projectiles 14 | . . . . . . . . 14 . Explosions 41 | . . . . . . . . . 41 Melee 78 | . . . . . 15 . 7 56 . Knockbacks 3 | . . . . . . . . 3 . Impact . | . . . . . . . . . . Kinetic 3 | . . . . . . . . 3 . Secondary . | . . . . . . . . . . Self-Inflicted Damage 61 | . . 61 . . . . . . . Shots 3 | . . 3 . . . . . . . Rammed . | . . . . . . . . . . Targets Rammed 1 | . 1 . . . . . . . . Kicked 1 | . 1 . . . . . . . . Crushed . | . . . . . . . . . . Highest Temperature 60 | . 40 7 . . 60 . . 1 . Average Temperature 21 | . 16 7 . . 36 . . 1 . Received Heat Transfer 1627 | . 93 207 . 42 595 . 27 642 21 Siege Activations . | . . . . . . . . . . Martial Activations . | . . . . . . . . . . Shielding Activations . | . . . . . . . . . . Robots Disrupted . | . . . . . . . . . . Combat Hostiles . | . . . . . . . . . . Robots Corrupted . | . . . . . . . . . . Combat Hostiles . | . . . . . . . . . . Parts Fried 3 | . . . . . 3 . . . . Impact Corruptions . | . . . . . . . . . . Robots Melted . | . . . . . . . . . . Combat Hostiles . | . . . . . . . . . . Parts Melted 1 | . 1 . . . . . . . . Heat Transferred 1086 | . 425 200 . . 50 . . 111 300 Parts Sabotaged . | . . . . . . . . . . Parts Stolen . | . . . . . . . . . . Parts Stripped . | . . . . . . . . . . Power Chain Reactions . | . . . . . . . . . . Alert | -11 -10 -10 -8 -6 -6 -5 -5 -5 -5 ------- Run | Yrd Mat Sub Scr Fac Ext Fac Upp Upp War Maximum Alert Level . | . . . . . . . . . . Low Security (%) 100 | . 100 . . 100 100 100 . . . Level 1 . | . . . . . . . . . . Level 2 . | . . . . . . . . . . Level 3 . | . . . . . . . . . . Level 4 . | . . . . . . . . . . Level 5 . | . . . . . . . . . . High Security . | . . . . . . . . . . Max Security . | . . . . . . . . . . Peak Influence 179 | . 115 . . 30 179 56 . . . Initial 56 | . . . . . . 56 . . . Average 38 | . 38 . . 1 63 40 . . . Influence Increases 1834 | . 147 70 . 35 488 . 487 506 101 Destroy 0b10 Robot/C 1180 | . 100 60 . 20 240 . 280 400 80 Destroy 0b10 Robot/NC 20 | . 10 . . 5 5 . . . . Destroy Leader 124 | . 22 10 . 10 22 . 20 40 . Allied During Kill 413 | . . . . . 184 . 187 21 21 Successful Hack 32 | . . . . . 32 . . . . Destroy Structure 5 | . . . . . 5 . . . . Lose Combat Pursuer 60 | . 15 . . . . . . 45 . Influence Decreases 1832 | . 127 90 . 35 371 101 475 525 108 Entered New Map 93 | . . 10 . . . 61 7 6 9 Time Decay 1285 | . 127 60 . 35 201 40 428 394 . Lost Part 295 | . . 20 . . 170 . . 55 50 Lost Ally 159 | . . . . . . . 40 70 49 Squads Dispatched 3 | . 1 . . . 2 . . . . Investigation 2 | . 1 . . . 1 . . . . Extermination . | . . . . . . . . . . Reinforcement 1 | . . . . . 1 . . . . Assault . | . . . . . . . . . . Garrison . | . . . . . . . . . . Intercept . | . . . . . . . . . . Searches Triggered . | . . . . . . . . . . Construction Impeded 1 | . . . . . 1 . . . . Haulers Reinforced . | . . . . . . . . . . Active Scanning Responses . | . . . . . . . . . . Cargo Convoy Interrupts . | . . . . . . . . . . Stealth | -11 -10 -10 -8 -6 -6 -5 -5 -5 -5 --------- Run | Yrd Mat Sub Scr Fac Ext Fac Upp Upp War Distress Signals 1 | . . . . . 1 . . . . Communications Jammed . | . . . . . . . . . . Distress Signals . | . . . . . . . . . . Times Spotted 81 | . 13 5 . 1 15 . 11 22 14 Peak Tracking Total 11 | . 5 2 . 1 5 . 4 6 11 Tactical Retreats 4 | . 1 . . . . . . 3 . Traps | -11 -10 -10 -8 -6 -6 -5 -5 -5 -5 ------- Run | Yrd Mat Sub Scr Fac Ext Fac Upp Upp War Traps Triggered 2 | . 1 . . . 1 . . . . Indirectly . | . . . . . . . . . . Trap Hack Attempts . | . . . . . . . . . . Triggered . | . . . . . . . . . . Disarmed . | . . . . . . . . . . Reprogrammed . | . . . . . . . . . . Reused . | . . . . . . . . . . Traps Extracted . | . . . . . . . . . . Installed . | . . . . . . . . . . Triggered . | . . . . . . . . . . Machines | -11 -10 -10 -8 -6 -6 -5 -5 -5 -5 ---------- Run | Yrd Mat Sub Scr Fac Ext Fac Upp Upp War Machines Disabled 3 | . . . . . . . 2 1 . Max in Single Turn . | . . . . . . . . . . Garrison Access 1 | . . . . 1 . . . . . Machines Repaired . | . . . . . . . . . . Machines Dismantled . | . . . . . . . . . . Machines Sabotaged . | . . . . . . . . . . Overloaded Fab Kills . | . . . . . . . . . . Hacking | -11 -10 -10 -8 -6 -6 -5 -5 -5 -5 --------- Run | Yrd Mat Sub Scr Fac Ext Fac Upp Upp War Machines Accessed 18 | . . . 3 2 7 . 1 1 4 Terminals 10 | . . . . 1 7 . 1 1 . Fabricators . | . . . . . . . . . . Repair Stations . | . . . . . . . . . . Recycling Units . | . . . . . . . . . . Scanalyzers . | . . . . . . . . . . Garrison Access 1 | . . . . 1 . . . . . Total Hacks 54 | . . . 11 4 16 . 5 5 13 Successful 43 | . . . 11 2 7 . 5 5 13 Failed 11 | . . . . 2 9 . . . . Catastrophic 3 | . . . . . 3 . . . . Database Lockouts . | . . . . . . . . . . Manual 3 | . . . . . 2 . . . 1 Terminals 27 | . . . . 1 16 . 5 5 . Fabricators . | . . . . . . . . . . Repair Stations . | . . . . . . . . . . Recycling Units . | . . . . . . . . . . Scanalyzers . | . . . . . . . . . . Garrison Access 3 | . . . . 3 . . . . . Terminal Hacks 41 | . . . 11 1 6 . 5 5 13 Record 23 | . . . 10 . 1 . 5 5 2 Prototype ID Bank 10 | . . . . . . . . . 10 Open Door 6 | . . . 1 . 4 . . . 1 Emergency Access Points 1 | . . . . 1 . . . . . Unreport Threat 1 | . . . . . 1 . . . . Fabricator Hacks . | . . . . . . . . . . Repair Station Hacks . | . . . . . . . . . . Recycling Unit Hacks . | . . . . . . . . . . Scanalyzer . | . . . . . . . . . . Garrison Access Hacks 1 | . . . . 1 . . . . . Seal Access 1 | . . . . 1 . . . . . Unauthorized Hacks 1 | . . . . . 1 . . . . Terminals 1 | . . . . . 1 . . . . Skim 1 | . . . . . 1 . . . . Fabricators . | . . . . . . . . . . Repair Stations . | . . . . . . . . . . Recycling Units . | . . . . . . . . . . Scanalyzers . | . . . . . . . . . . Garrison Access . | . . . . . . . . . . Data Cores Recovered . | . . . . . . . . . . Used . | . . . . . . . . . . Hacking Detections 6 | . . . . 1 4 . 1 . . Full Trace Events 1 | . . . . . 1 . . . . Feedback Events . | . . . . . . . . . . Feedback Blocked . | . . . . . . . . . . Robot Schematics Acquired . | . . . . . . . . . . Robots Built . | . . . . . . . . . . Authchips . | . . . . . . . . . . Time . | . . . . . . . . . . Total Robot Build Rating . | . . . . . . . . . . Part Schematics Acquired . | . . . . . . . . . . Parts Built . | . . . . . . . . . . Authchips . | . . . . . . . . . . Time . | . . . . . . . . . . Total Part Build Rating . | . . . . . . . . . . Part Studies Acquired . | . . . . . . . . . . Parts Repaired . | . . . . . . . . . . Time . | . . . . . . . . . . Parts Recycled . | . . . . . . . . . . Recycled Matter . | . . . . . . . . . . Retrieved Matter . | . . . . . . . . . . Retrieved Components . | . . . . . . . . . . Parts Scanalyzed . | . . . . . . . . . . Part Schematics Acquired . | . . . . . . . . . . Parts Damaged . | . . . . . . . . . . Bothacking | -11 -10 -10 -8 -6 -6 -5 -5 -5 -5 ------------ Run | Yrd Mat Sub Scr Fac Ext Fac Upp Upp War Used RIF Installer . | . . . . . . . . . . Robots Hacked . | . . . . . . . . . . Non-combat . | . . . . . . . . . . Combat . | . . . . . . . . . . Robot Hacks Applied . | . . . . . . . . . . Relay Couplers Released . | . . . . . . . . . . Fabnet Peak Effective % . | . . . . . . . . . . Robots Rewired 12 | . . . . . 7 . . . 5 Allies Hacked . | . . . . . . . . . . Hacks Repelled . | . . . . . . . . . . Allies | -11 -10 -10 -8 -6 -6 -5 -5 -5 -5 -------- Run | Yrd Mat Sub Scr Fac Ext Fac Upp Upp War Total Allies 16 | . . . . . 11 . . . 5 Largest Group 11 | . . . . . 11 10 10 6 5 Highest-Rated Group 473 | . . . . . 473 311 311 177 264 Highest-Rated Ally 159 | . . . . . 159 39 39 39 64 Total Orders . | . . . . . . . . . . Ally Attacks 162 | . . . . . 51 . 75 18 18 Total Damage 2890 | . . . . . 1162 . 1084 272 372 Kills 23 | . . . . . 6 . 12 2 3 Allies Corrupted . | . . . . . . . . . . Allies Melted 1 | . . . . . . . . . 1 Intel | -11 -10 -10 -8 -6 -6 -5 -5 -5 -5 ------- Run | Yrd Mat Sub Scr Fac Ext Fac Upp Upp War Active Infowar (turns) 23 | . . . . . . . . 23 . Sensors 21 | . . . . . . . . 21 . ECM 2 | . . . . . . . . 2 . Robot Analysis Total . | . . . . . . . . . . Derelict Logs Recovered 6 | . . . 2 . . . 2 2 . Drone Launches . | . . . . . . . . . . Drone Recoveries . | . . . . . . . . . . Exploration | -11 -10 -10 -8 -6 -6 -5 -5 -5 -5 ------------- Run | Yrd Mat Sub Scr Fac Ext Fac Upp Upp War Turns Passed 10304 | . 397 1052 3600 359 496 81 1571 1723 1025 Spaces Moved 5357 | 1 220 458 1239 283 262 43 1090 1290 471 Core 7 | . . . . . 4 . . 3 . Treads . | . . . . . . . . . . Legs 2774 | 1 220 458 1184 . . . . 440 471 Wheels 2576 | . . . 55 283 258 43 1090 847 . Hover . | . . . . . . . . . . Flight . | . . . . . . . . . . Fastest Speed 80 | 120 120 120 110 103 80 125 125 80 120 Average Speed 172 | 120 120 181 285 109 109 125 139 112 204 Slowest Speed 350 | 120 120 190 330 130 350 125 140 200 260 Overloaded Moves . | . . . . . . . . . . Propulsion Burnouts . | . . . . . . . . . . Robots Hopped . | . . . . . . . . . . Potential Cave-ins . | . . . . . . . . . . Cave-ins Triggered . | . . . . . . . . . . Exploration Rate (%) 46 | 2 36 22 89 6 42 2 98 95 70 Regions Visited 9 Branch Regions 6 Pre-discovered Areas 2 | . . . . . . . . 2 . Known Exits Taken . | . . . . . . . . . . Unknown Exits Taken 9 | 1 1 1 1 1 1 1 1 1 . Scrap Searched 11 | . . . 3 . . . 3 5 . Spaces Dug . | . . . . . . . . . . Terrain Destroyed 69 | . . 36 . . . . . 4 29 Melee . | . . . . . . . . . . Projectile 16 | . . . . . . . . 4 12 AOE 53 | . . 36 . . . . . . 17 Terrain Rammed . | . . . . . . . . . . Walls Destroyed . | . . . . . . . . . . Machines Disabled . | . . . . . . . . . . Actions | -11 -10 -10 -8 -6 -6 -5 -5 -5 -5 --------- Run | Yrd Mat Sub Scr Fac Ext Fac Upp Upp War Total 6131 | . 303 614 1301 322 418 70 1122 1457 524 Wait 362 | . 42 101 30 22 35 27 19 86 . Move 5348 | . 219 457 1238 282 261 42 1089 1289 471 Hop . | . . . . . . . . . . Pick Up 17 | . 3 1 9 2 . . . . 2 Fast Attach 52 | . 1 4 5 5 12 1 5 15 4 Attach 7 | . . 2 . 3 2 . . . . Detach 2 | . . . . 2 . . . . . Swap 12 | . 5 4 3 . . . . . . Drop 28 | . 4 1 16 . . . 1 4 2 Fire 92 | . 28 44 . . 2 . 1 13 4 Melee 92 | . . . . 6 29 . 7 50 . Ram . | . . . . . . . . . . Kick 1 | . 1 . . . . . . . . Crush . | . . . . . . . . . . Escape Stasis 8 | . . . . . 8 . . . . Rewire 110 | . . . . . 69 . . . 41 Trap . | . . . . . . . . . . Miscellaneous . | . . . . . . . . . . Route ------- -11/Scrapyard -10/Materials (discovered 2 exits: [*Mat] / [*Sub]) -10/Subcaves (discovered 2 exits: [*Mat] / *Scr) -8/Scraptown (discovered 2 exits: *Fac x2) -6/Factory -6/Extension -5/Factory -5/Upper Caves -5/Upper Caves (discovered 2 exits: [*Fac] / *War) -5/Warlord History --------- Turn | Location | Event 1 | -11/Scrapyard | Discovered new exit (range 0) 1 | -11/Scrapyard | Entered Materials 281 | -10/Materials | Discovered new exit (range 15) 304 | -10/Materials | Build established: Mutant 391 | -10/Materials | Discovered new exit (range 5) 398 | -10/Materials | Entered Subcaves 399 | -10/Subcaves | Approached by a straggling Scientist 486 | -10/Subcaves | Core integrity fell below 50% 528 | -10/Subcaves | Lost 3 parts (1p1u1w) 733 | -10/Subcaves | Shifting Twisted Machinery released Sub. Power Source 755 | -10/Subcaves | Shifting Twisted Machinery released Sub. Shrapnel Launcher 838 | -10/Subcaves | Core integrity fell below 20% 887 | -10/Subcaves | Lost 4 parts (1p1n1u1w) 1235 | -10/Subcaves | A swath of the cavern ceiling suddenly collapsed 1444 | -10/Subcaves | Discovered new exit (range 9) 1448 | -10/Subcaves | Scientist uncovered a shortcut to Scraptown 1450 | -10/Subcaves | Entered Scraptown 1833 | -8/Scraptown | Visited Cave Peace 1904 | -8/Scraptown | Visited SPCMW 1976 | -8/Scraptown | Visited Assassins FH 2109 | -8/Scraptown | Heard Great Nut preacher, LISTEN AND RECITE! 2909 | -8/Scraptown | Discovered new exit (range 5) 3097 | -8/Scraptown | Scanned Subdweller tech in exchange for log data 3103 | -8/Scraptown | Learned Factory emergency access door positions 3107 | -8/Scraptown | Learned location of 2 exits from Proximity Caves 3209 | -8/Scraptown | Visited TADAMA 3249 | -8/Scraptown | Visited Shadow of the Wyrm 3282 | -8/Scraptown | Visited The Evicted 3357 | -8/Scraptown | Visited UFD Registry 3357 | -8/Scraptown | Registered with UFD as "Cryostep" 3417 | -8/Scraptown | Visited Sword Containment 3450 | -8/Scraptown | Found Prototype Slashing Weapon 3583 | -8/Scraptown | Visited Research Penetration Think Tank 3755 | -8/Scraptown | Delivered Scrap Shield to a Scientist 4126 | -8/Scraptown | Visited Science Testing Area 4208 | -8/Scraptown | Visited Scrapoid Pod Storage 4226 | -8/Scraptown | Found Scrapoid Pod 4342 | -8/Scraptown | Visited Modified Component R&D 4401 | -8/Scraptown | Visited Junk Repository 4578 | -8/Scraptown | Visited LU-1G1's Boring Crew 4736 | -8/Scraptown | Visited Scrap Suit Storage 4754 | -8/Scraptown | Found Scrap Suit 4974 | -8/Scraptown | Met Optimus 4974 | -8/Scraptown | Accepted into 0bPrime 5042 | -8/Scraptown | Discovered new exit (range 5) 5050 | -8/Scraptown | Entered Factory 5050 | -6/Factory | Evolved 8 slots: Power x1, Propulsion x2, Utility x4, Weapon x1 5052 | -6/Factory | Identified Companion Sword 5398 | -6/Factory | Discovered new exit (range 12) 5409 | -6/Factory | Entered Extension 5468 | -6/Extension | Rescued A7 5695 | -6/Extension | Rescued a captive Derelict 5695 | -6/Extension | Rescued a captive Derelict 5726 | -6/Extension | Rescued a captive Derelict 5784 | -6/Extension | Spotted B-75 Beast 5792 | -6/Extension | Spotted B-75 Beast 5820 | -6/Extension | Destroyed B-75 Beast 5824 | -6/Extension | Core integrity fell below 50% 5841 | -6/Extension | Allies destroyed B-75 Beast 5869 | -6/Extension | Lost 17 parts (4p5n4u4w) 5890 | -6/Extension | Discovered new exit (range 3) 5905 | -6/Extension | Entered Factory 5905 | -5/Factory | Accompanied by 11 allies (A7) 5905 | -5/Factory | Evolved 2 slots: Utility x2 5941 | -5/Factory | Discovered new exit (range 13) 5986 | -5/Factory | Entered Upper Caves 5986 | -5/Upper Caves | Accompanied by 10 allies 5988 | -5/Upper Caves | UFD Scientist delivered a prototype 5990 | -5/Upper Caves | Found Prototype Protection 5990 | -5/Upper Caves | Identified Enh. Scrap Shield 6106 | -5/Upper Caves | Build established: Scavenger-Mutant 6213 | -5/Upper Caves | Entered a destroyed Warlord outpost 6222 | -5/Upper Caves | Learned 4 Factory zone layouts 6566 | -5/Upper Caves | Discovered new exit (range 7) 6569 | -5/Upper Caves | Encountered a Warlord checkpoint 6578 | -5/Upper Caves | Learned Factory emergency access door positions 6636 | -5/Upper Caves | Learned 6 Lower Caves zone layouts 6636 | -5/Upper Caves | Learned Research trap positions 6636 | -5/Upper Caves | Learned Armory security intel 7006 | -5/Upper Caves | Attracted the attention of an 0b10 checkpoint 7557 | -5/Upper Caves | Entered another Upper Caves area 7557 | -5/Upper Caves | Accompanied by 6 allies 7588 | -5/Upper Caves | Discovered new exit (range 9) 7634 | -5/Upper Caves | Attracted the attention of an 0b10 base 7692 | -5/Upper Caves | Lost 5 allies 7719 | -5/Upper Caves | Learned 6 Lower Caves zone layouts 7719 | -5/Upper Caves | Learned Extension garrison access intel 7940 | -5/Upper Caves | Attracted the attention of an 0b10 checkpoint 8169 | -5/Upper Caves | Learned Factory terminal intel 8348 | -5/Upper Caves | Discovered new exit (range 5) 8616 | -5/Upper Caves | Encountered a Warlord checkpoint 8703 | -5/Upper Caves | Core integrity fell below 50% 8751 | -5/Upper Caves | Lost 8 parts (1p4n1u2w) 8864 | -5/Upper Caves | Spotted B-75 Beast 8888 | -5/Upper Caves | Learned location of Armory (-3) 9185 | -5/Upper Caves | Lost 3 parts (2n1u) 9199 | -5/Upper Caves | Build established: Derelict-Mutant 9280 | -5/Upper Caves | Entered Warlord 9626 | -5/Warlord | Rebuked by Warlord 9651 | -5/Warlord | Warlord's base attacked by MAIN.C 9755 | -5/Warlord | Found Prototype Energy Gun 9755 | -5/Warlord | Identified Vortex Rail 9759 | -5/Warlord | Found Vortex Rail 9769 | -5/Warlord | Found Prototype Energy Gun 9772 | -5/Warlord | Found Prototype Energy Gun 9789 | -5/Warlord | Build established: Commander-Mutant 10001 | -5/Warlord | Warlord forces counterattacked 10273 | -5/Warlord | Spotted Striker 10279 | -5/Warlord | Spotted Executioner 10286 | -5/Warlord | Spotted Executioner 10296 | -5/Warlord | Core integrity fell below 20% 10305 | -5/Warlord | Destroyed by Executioner with Helical Railgun Last Messages --------------- 10299_ Striker system terminally corrupted. 10299_ Penetrated by Slug. 10299_ Slug penetrates HK-EMS(b). 10300_ Sentinel 6a heat spikes uncontrollably. 10300_ Penetrated by Slug. 10300_ Slug penetrates Earth. 10300_ Antimatter Reactor destroyed. 10300_ Vortex penetrates Executioner. 10300_ G-67 Veteran destroyed. 10300_ Vortex penetrates Executioner. 10300_ Vortex penetrates Earth. 10301_ Penetrated by Slug. 10301_ Vortex Rail destroyed. 10302_ Slug penetrates Wall. 10302_ Penetrated by Slug. 10302_ Slug penetrates Earth. 10302_ Adv. Melee Analysis Suite destroyed. 10303_ Penetrated by Slug. 10305_ The unstable cave ceiling collapses. 10305_ Slug penetrates Wall. Map ----- +----------------------------------------------------+ | | | | | | | | | | | | | | | | | ?????????????????????????????????????????????????? | | ?????????????????????????????????????????????????? | | ????????????????????????#??##????????????????????? | | #####???###????#######? ?? #???????????????????? | | ##### ###### ### ## ###?????????????????? | | + + # #?????????????????? | | # ####### # ##????????????????? | | # #?????# #????????????????? | | + #?????# # #????????????????? | | # #?????# """ ##????????????????? | | ##### #####?# """ #????????????????? | | ## """ ##????????????????? | | ##### ##### ## """ # #????????????????? | | ???## #????? ## """ #????????????????? | | ???# #???????## ## #????????????????? | | ???## ##???????# # # #?????????????????? | | ????# #?# ##+##### % ##?????????????????? | | ????# ##?# Yi@ #?????????????????? | | ????# #??# % !!%[% ;#?????????????????? | | #####+#### %%!%* ##?????????????????? | | # #########;%%=% #??????????????????? | | "" "" # ####????????#;;b E;#??????????????????? | | "" "" # #???????????# ;shh; #?????????????????? | | """ """ # #???????????##gh ; #?????????????????? | | """ """ # #???????????? ; g #?????????????????? | | "" "" # #???????????? ; ?????????????????? | | "" "" / #???????????##;E ##????????????????? | | # #????????????#; #????""???????????? | | #####/#### ######???????## ; #???#""#??????????? | | ## + ??????# ; #???#""#??????????? | | ##????????#### ;;#####""#####??????? | | ##????????# # "" "######## | | #????????# % # "" """"""""" | | ######## ########+## # "" """"""""" | | ???????# + | | ???????# + | | ???????# + ^ | | ???????# + | | ??????####+##### # # "" """"""""" | | ?###??# # # # "" """"""""" | | ## #### """ ## # # "" "######## | | # """ ## #### #######""#####??????? | +----------------------------------------------------+ Best States ------------- Heat Dissipation 78 Coolant Potential 65 Energy Generation 27 Energy Capacity 475 Matter Stores 300 Matter Capacity 300 Sight Range 16 Robot Scan Range 16 Terrain Scan Density 210 Armor Coverage 1025 Resistance: TH 15 Phase Shifting 5 Evasion (%) 55 Targeting Accuracy 6 Melee Accuracy 22 Core Analysis 6 Offensive Hacking 12 Item Schematics ----------------- None Robot Schematics ------------------ None Fabricated ------------ Nothing Repaired ---------- Nothing Studied --------- None Alien Tech Used ----------------- None Achievements -------------- Loot Taster Challenges ------------ None Game ------ Seed DecoderNovaFrame Manual? 0 Play Time 01:07:12 Cumulative 162.2 hours Start 2025.11.08 @ 01:30:57 End 2025.11.08 @ 02:38:51 Sessions 1 Manual Loads 0 Difficulty Rogue Special Mode None Game No. 174 Rogue 172 Adventurer 2 Explorer 0 Win Type - Total 0 Types 0/0/0/0/0/0/0/0/0/0 Lore% 65 Gallery% 57 Achievement% 32 Wizard Run 0 Options --------- Layout 2 ASCII 0 Keyboard 1 Movement Vi Keybinds 0 Fullscreen 0 Font 42/SmallcapsGlow Map View 59x48 Zoom Use 0% Tactical HUD 1 Map Filters NONE Filters NONE Steam 1 RUN: f0bd2ded-ecf5-4d4e-b68c-40a49a889880